 Dungeon Sprint DCSS version 0.29.1-15-g9cfb28693d (webtiles) character file.

Game seed: 17806381631634575251

61 Groucho the Magician (level 4, -1/52 HPs)
             Began as a Djinni Earth Elementalist on Apr 5, 2023.
             Slain by a human (6 damage)
             ... in the Dungeon (Sprint III: "The Ten Rune Challenge").
             The game lasted 00:01:12 (381 turns).

Groucho the Magician (Djinni Earth Elementalist)     Turns: 381, Time: 00:01:12

Health: -1/52      AC:  2    Str:  7    XL:     4   Next: 27%
Gold:   0          EV: 13    Int: 18    God:
                   SH:  0    Dex: 14

rFire   + + .      SeeInvis .   (no weapon)
rCold   x . .      Faith    .   (no shield)
rNeg    . . .      Spirit   .   a - +0 robe
rPois   ∞          Reflect  .   (no helmet)
rElec   .          Harm     .   (no cloak)
rCorr   .          Rampage  .   (no gloves)
Will    .....      NoTele   +   (boots unavailable)
Stlth   ..........              (no amulet)
HPRegen 0.17/turn               (no ring)
MPRegen 0.00/turn               (no ring)

@: berserking, flying, very quick
A: sickness immunity, fire resistance 2, cold vulnerability 1, float, innate
caster, HP casting, extra vitality 1
a: no special abilities


You were in the Dungeon.
You visited 1 branch

Inventory:

Armour
 a - a +0 robe (worn)
Scrolls
 f - a scroll of blinking
Potions
 b - a potion of curing
 d - a potion of haste


   Skills:
 + Level 3.4 Fighting
 + Level 4.6 Dodging
 - Level 1.5 Stealth
 * Level 4.7 Spellcasting


You had one spell level left.
You knew the following spells:

 Your Spells              Type           Power      Damage    Failure   Level
a - Sandblast             Erth           42%        2d11      1%          1
b - Passwall              Tmut/Erth      17%        N/A       3%          2
c - Stone Arrow           Conj/Erth      42%        3d9       6%          3
d - Petrify               Tmut/Erth      21%        N/A       19%         4
e - Beastly Appendage     Tmut           42%        N/A       1%          1
Your spell library was empty.

Dungeon Overview and Level Annotations

Branches:
Dungeon (1/1)

Altars:


Innate Abilities, Weirdness & Mutations

You are immune to sickness and miasma.
You are immune to poison.
Your flesh is very heat resistant. (rF++)
You are vulnerable to cold. (rC-)
You float through the air rather than walking.
You learn spells naturally, not from books.
Your magical power is your life essence.
You have superior vitality. (+4 MHP)


Message History

A red film seems to cover your vision as you go berserk!
You feel yourself moving faster!
You feel mighty! The scorpion stings you.
You punch the scorpion!
The scorpion is severely wounded.
The scorpion stings you.
* * * LOW HITPOINT WARNING * * *
You barely miss the scorpion.
The scorpion is severely wounded.
The scorpion stings you but does no damage.
You completely miss the scorpion.
The scorpion is severely wounded.
You hit the scorpion.
The scorpion is severely wounded.
The scorpion closely misses you.
You punch the scorpion!
You kill the scorpion!
Your Fighting skill gained 2 levels and is now at level 3!
Your Dodging skill gained 2 levels and is now at level 4!
Your Spellcasting skill gained 2 levels and is now at level 4!
You have reached level 2!
You have reached level 3!
Your experience leads to an increase in your attributes!
Increase (S)trength, (I)ntelligence, or (D)exterity?
You feel clever. x2
The power to cast Beastly Appendage wells up from within.
Spell assigned to 'e'.
You have reached level 4!
You feel agile.
Unknown command.
You closely miss the human. The human hits you!
* * * LOW HITPOINT WARNING * * *
You hit the human.
The human is lightly wounded.
You closely miss the human.
The human is lightly wounded.
The human misses you.
You hit the human.
The human is moderately wounded.
The human hits you.
You die...

▓▓▓▓▓▓▓▓▓
▓<..#...####
▓...#......##
▓..##.....†.# .#
▓##.##p##...# .#
##.##@###..# ..#
▓#.####.##..# ...+
▓.###..##..##
#...# ▓#.....##†.#
#....#
###..##...##.....#
#..##....#.p....#
#..###..##.#.....#
#[. #.. ####....#
▓▓▓ ▓▓▓ ▓▓▓▓▓


You could see a human.

Vanquished Creatures
  A scorpion (D)
  An endoplasm (D)
  3 rats (D)
5 creatures vanquished.

Notes
Turn   | Place    | Note
-------+----------+-------------------------------------------
     0 | D        | Groucho the Djinni Earth Elementalist began the quest for
                  | the Orb.
     0 | D        | Groucho set off with the following spells memorised:
                  | Sandblast, Passwall, Stone Arrow, Petrify.
     0 | D        | Reached XP level 1. HP: 15/15 MP: 0/0
   204 | D        | Reached skill level 1 in Fighting
   353 | D        | Noticed a scorpion
   377 | D        | Killed a scorpion
   378 | D        | Reached XP level 2. HP: 8/25 MP: 0/0
   378 | D        | Reached XP level 3. HP: 10/30 MP: 0/0
   378 | D        | Learned a level 1 spell: Beastly Appendage
   378 | D        | Reached XP level 4. HP: 12/35 MP: 0/0
   381 | D        | Slain by a human

Illustrated notes

Levels and vault maps discovered:
D:        dungeon_sprint_mu [sprint_mu_entry_cave, sprint_mu_temple_rooms,
          sprint_mu_d1_spiders, sprint_mu_d2_genie, sprint_mu_d3_branching,
          sprint_mu_orc_legion, sprint_mu_elf_gauntlet, sprint_mu_hive_nellie,
          sprint_mu_lair_fedhas, sprint_mu_vaults_butterflies,
          sprint_mu_slime_circle, sprint_mu_swamp_cave, sprint_mu_shoals_archi,
          sprint_mu_blade_basic, sprint_mu_crypt_lich, sprint_mu_tomb_spiral,
          sprint_mu_vestibule_basic, sprint_mu_gehenna_hellfire,
          sprint_mu_dis_giant, sprint_mu_tartarus_statrot,
          sprint_mu_cocytus_islands, sprint_mu_zot1]

Skill      XL: |  1 |
---------------+----+-----
Fighting       | 3 |  3.4
Dodging        | 4 |  4.6
Spellcasting   | 4 |  4.7
Stealth        | |  1.5

Action                   |  1- 3 |  4- 6 || total
-------------------------+-------+-------++-------
Melee: Unarmed           |     5 |     4 ||     9
 Cast: Sandblast         |    10 |       ||    10
  Use: Potion            |     2 |       ||     2
Armor: Robe              |     2 |       ||     2
Dodge: Dodged            |    10 |     1 ||    11
